 Dungeon Crawl Stone Soup version 0.21.1-1-g345015f (webtiles) character file.

34712 LairdRich the Cleaver (level 13, -6/174 HPs)
             Began as a Minotaur Berserker on June 11, 2018.
             Was a High Priest of Trog.
             Mangled by an 18-headed hydra (9 damage)
             ... on level 2 of the Swamp.
             The game lasted 01:06:29 (13289 turns).

LairdRich the Cleaver (Minotaur Berserker)         Turns: 13289, Time: 01:06:30

Health: -6/174     AC: 17    Str: 31    XL:     13   Next: 43%
Magic:  4/4        EV: 11    Int:  4    God:    Trog [*****.]
Gold:   753        SH: 22    Dex: 14    Spells: 12/12 levels left

rFire    . . .     SeeInvis .   G - +3 broad axe (antimagic)
rCold    . . .     Gourm    .   d - +1 large shield
rNeg     . . .     Faith    .   m - +0 plate armour
rPois    +         Spirit   .   (helmet restricted)
rElec    .         Reflect  .   z - +0 cloak
rCorr    .         Harm     .   (no gloves)
MR       .....                  i - +0 pair of boots
Stlth    ..........             A - amulet of regeneration
HPRegen  0.79/turn              y - +3 ring of strength
MPRegen  0.09/turn              E - ring of poison resistance

@: berserking (expiring), lethally poisoned (-6 -> -6), marked, very quick
A: retaliatory headbutt, horns 2
a: Berserk, Trog's Hand, Brothers in Arms, Burn Spellbooks, Renounce Religion


You were on level 2 of the Swamp.
You worshipped Trog.
Trog was extremely pleased with you.
You were very hungry.

You visited 3 branches of the dungeon, and saw 14 of its levels.
You also visited: Volcano.

You collected 753 gold pieces.

Inventory:

Hand Weapons
 F - the +7 war axe "Fonk" {drain, +Inv Dex+2}
   (You found it on level 1 of the Lair of Beasts)

   A truly terrible weapon, it drains the life of those it strikes.
   It affects your dexterity (+2).
   It lets you turn invisible.
 G - a +3 antimagic broad axe (weapon)
Missiles
 j - 4 javelins of returning (quivered)
Armour
 d - a +1 large shield (worn)
 i - a +0 pair of boots (worn)
 m - a +0 plate armour (worn)
 z - a +0 cloak (worn)
Jewellery
 q - a +5 ring of evasion
 y - a +3 ring of strength (left hand)
 A - an amulet of regeneration (around neck)
 E - a ring of poison resistance (right hand)
Wands
 a - a wand of disintegration (12)
 s - a wand of flame (55)
 x - a wand of paralysis (11)
 D - a wand of iceblast (20)
Scrolls
 e - 5 scrolls of amnesia
 g - 2 scrolls of identify
 k - a scroll of fear
 n - 6 scrolls of remove curse
 t - 3 scrolls of enchant armour
 u - 5 scrolls of immolation
 v - 2 scrolls of enchant weapon
 B - a scroll of teleportation
Potions
 b - 2 potions of might
 f - 6 potions of lignification {unknown}
 h - 3 potions of heal wounds {unknown}
 l - a potion of mutation {unknown}
 o - 4 potions of agility
 p - 7 potions of curing {unknown}
 r - a potion of cancellation {unknown}
 w - 2 potions of berserk rage {unknown}
 H - a potion of brilliance {unknown}
 I - 2 potions of flight {unknown}
 K - a potion of haste
Miscellaneous
 J - a sack of spiders
Comestibles
 c - 22 rations
 C - 5 chunks of flesh


   Skills:
 + Level 11.2 Fighting
 * Level 14.6 Axes
 + Level 10.7 Armour
 + Level 10.0 Dodging
 * Level 14.3 Shields


You had 12 spell levels left.
You didn't know any spells.

Dungeon Overview and Level Annotations

Branches:
Dungeon (8/15)             Temple (0/1) D:6            Lair (4/6) D:8
  Swamp (2/4) Lair:4        Snake (0/4) Lair:4

Altars:
Ashenzari
Hepliaklqana
Nemelex Xobeh
Okawaru
Uskayaw
Xom
Yredelemnul
Zin
The Shining One

Shops:
D:5 (


Innate Abilities, Weirdness & Mutations

You reflexively headbutt those who attack you in melee.
You have a pair of horns on your head.


Message History

You kill the spiny frog!
Trog accepts your kill. Something appears at your feet!
Trog grants you a weapon!
You closely miss the spriggan. You miss the spriggan druid.
You hack one of the 17-headed hydra's heads off!
The 16-headed hydra grows two more!
You slash the 18-headed hydra!
You feel sick. You block the spriggan's attack.
The 18-headed hydra bites you but does no damage.
You block the 18-headed hydra's attack. x2; The 18-headed hydra bites you.
* * * LOW HITPOINT WARNING * * *
The 18-headed hydra bites you.
* * * LOW HITPOINT WARNING * * *
The 18-headed hydra bites you.
* * * LOW HITPOINT WARNING * * *
The 18-headed hydra bites you but does no damage.
You block the 18-headed hydra's attack.
The 18-headed hydra bites you but does no damage.
The 18-headed hydra bites you!
You die...

♣≈..≈≈.♣♣♣...♣♣ ♣
♣≈.≈≈≈≈.♣...≈≈♣§≈♣
♣.≈≈≈≈≈.≈≈....≈...
.≈≈≈≈≈.≈.≈≈≈..≈≈..≈
.≈...≈....≈≈♣♣..≈..
.≈.........♣♣ ♣≈...
.........##.♣ ♣♣♣♣
...##†...#..♣ .
#.@..##...♣
#Dii.).♣♣♣♣
#.i.k.≈§♣♣
#....≈♣♣♣ ....♣♣♣♣
#.... .(....
.(..... ...#...


You could see a 18-headed hydra, a spriggan rider, a spriggan druid, a swamp
drake and a spriggan.

Vanquished Creatures
  Kirke (Swamp:1)
  2 hydras
  Erica (D:8)
  The ghost of inc the Basher, a journeyman OpFi of Gozag (Lair:1)
  5 death yaks (Lair:4)
  An alligator (Swamp:2)
  The ghost of inc the Fighter, a novice OpCj of Gozag (D:8)
  Nergalle (Lair:3)
  A spriggan (Lair:4)
  A spriggan druid (Swamp:2)
  A swamp dragon (Swamp:1)
  A shambling mangrove (Swamp:2)
  6 elephants (Lair:4)
  A gargoyle (D:8)
  A black mamba (Lair:4)
  6 spiny frogs
  7 komodo dragons
  3 hornets
  Grinder (D:3)
  Prince Ribbit (D:7)
  3 tyrant leeches
  6 bog bodies
  10 blink frogs (Lair:2)
  5 hippogriffs
  A shadow (Swamp:2)
  3 hogs (Swamp:1)
  4 yaks (Lair:2)
  3 wyverns
  Eustachio (D:6)
  6 vampire mosquitoes (Swamp:1)
  Grum (D:8)
  Menkaure (D:5)
  4 nagas (Lair:4)
  Edmund (D:6)
  4 swamp worms
  4 porcupines
  Duvessa (D:4)
  6 water moccasins
  2 orc warriors
  A swamp drake (Swamp:1)
  Purgy (D:4)
  A sky beast (D:8)
  An ogre (D:4)
  36 wolves
  10 centaurs
  5 crocodiles
  2 big kobolds
  12 bullfrogs
  Dowan (D:4)
  A water moccasin zombie (D:7)
  4 scorpions
  4 wights (D:7)
  4 killer bees (D:7)
  4 howler monkeys
  A crimson imp (D:8)
  2 bullfrog zombies (D:8)
  A quasit (D:5)
  5 orc priests
  A jelly (D:6)
  2 centaur skeletons
  2 hounds
  An iguana (D:8)
  4 orc wizards
  A bullfrog skeleton (D:7)
  Ijyb (D:5)
  Terence (D:3)
  A worker ant (D:7)
  2 worker ant zombies
  Robin (D:4)
  3 gnolls (D:3)
  10 adders
  A shadow imp (D:7)
  An ooze (D:3)
  An adder skeleton (D:6)
  5 worms
  3 dart slugs
  2 leopard geckos (D:3)
  21 orcs
  9 bats
  3 giant cockroaches
  9 goblins
  11 hobgoblins
  14 jackals
  2 quokkas
  A ball python skeleton (D:4)
  3 frilled lizards
  A jackal skeleton (D:4)
  20 kobolds
  A quokka skeleton (D:4)
  2 rats
345 creatures vanquished.

Vanquished Creatures (others)
  A human (Swamp:1)
1 creature vanquished.

Grand Total: 346 creatures vanquished

Notes
Turn   | Place    | Note
-------+----------+-------------------------------------------
     0 | D:1      | LairdRich the Minotaur Berserker began the quest for the Orb.
     0 | D:1      | Reached XP level 1. HP: 19/19 MP: 0/0
   152 | D:1      | Reached skill level 1 in Shields
   152 | D:1      | Reached XP level 2. HP: 22/27 MP: 1/1
   837 | D:1      | Reached XP level 3. HP: 31/33 MP: 2/2
  1418 | D:2      | Found a glowing golden altar of the Shining One.
  1421 | D:2      | Noticed an angel
  1430 | D:2      | Found a basalt altar of Yredelemnul.
  1451 | D:2      | Noticed a profane servitor
  1480 | D:2      | Reached XP level 4. HP: 38/40 MP: 3/3
  1816 | D:3      | Reached ** piety under Trog
  1955 | D:3      | Reached XP level 5. HP: 47/47 MP: 4/4
  2147 | D:3      | Reached skill level 5 in Axes
  2158 | D:3      | Noticed Grinder
  2164 | D:3      | Paralysed by Grinder for 2 turns
  2175 | D:3      | Paralysed by Grinder for 2 turns
  2331 | D:3      | Noticed Terence
  2348 | D:3      | Killed Terence
  2441 | D:3      | Paralysed by Grinder for 2 turns
  2450 | D:3      | Paralysed by Grinder for 4 turns
  2455 | D:3      | Killed Grinder
  2455 | D:3      | Reached XP level 6. HP: 55/55 MP: 5/5
  3050 | D:3      | Found a glowing silver altar of Zin.
  3050 | D:3      | Found a shattered altar of Ashenzari.
  3323 | D:4      | Noticed Robin
  3331 | D:4      | Killed Robin
  3382 | D:4      | Noticed Duvessa
  3382 | D:4      | Reached *** piety under Trog
  3393 | D:4      | Noticed Dowan
  3393 | D:4      | Killed Duvessa
  3393 | D:4      | Reached skill level 5 in Fighting
  3393 | D:4      | Reached XP level 7. HP: 61/61 MP: 6/6
  3405 | D:4      | Killed Dowan
  3467 | D:4      | Reached skill level 5 in Shields
  3698 | D:4      | Found an iron altar of Okawaru.
  3736 | D:4      | Found a hazy altar of Hepliaklqana.
  3737 | D:4      | Found a shimmering altar of Xom.
  3737 | D:4      | Noticed a yak
  3738 | D:4      | Noticed a yak
  3738 | D:4      | Noticed a spectral ugly thing
  3783 | D:4      | Noticed Purgy
  3790 | D:4      | Killed Purgy
  4277 | D:5      | Entered Level 5 of the Dungeon
  4290 | D:5      | Reached XP level 8. HP: 69/69 MP: 7/7
  4490 | D:5      | Found Sanus's Weapon Shop.
  4768 | D:5      | Noticed Ijyb
  4778 | D:5      | Killed Ijyb
  4942 | D:5      | Noticed Menkaure
  4948 | D:5      | Killed Menkaure
  5315 | D:6      | Reached skill level 5 in Armour
  5370 | D:6      | Reached **** piety under Trog
  5558 | D:6      | Noticed Edmund
  5569 | D:6      | Killed Edmund
  5569 | D:6      | Reached skill level 5 in Dodging
  5632 | D:6      | Noticed Eustachio
  5657 | D:6      | Killed Eustachio
  5716 | D:6      | Found a staircase to the Ecumenical Temple.
  5946 | D:7      | Reached XP level 9. HP: 78/78 MP: 8/8
  6630 | D:7      | Noticed Prince Ribbit
  7378 | D:7      | Killed Prince Ribbit
  7502 | D:8      | Reached XP level 10. HP: 86/86 MP: 9/9
  7510 | D:8      | Noticed Grum
  7522 | D:8      | Reached skill level 10 in Axes
  7530 | D:8      | Killed Grum
  7636 | D:8      | Noticed inc's ghost (novice OpCj)
  7653 | D:8      | Killed inc's ghost
  7683 | D:8      | Noticed Erica
  7715 | D:8      | Killed Erica
  7715 | D:8      | Reached skill level 10 in Shields
  7878 | D:8      | Noticed a gargoyle
  7887 | D:8      | Reached ***** piety under Trog
  7890 | D:8      | Killed a gargoyle
  7961 | D:8      | Found a hide-covered altar of Uskayaw.
  7961 | D:8      | Noticed a dagger
  7964 | D:8      | Noticed a dagger
  8040 | D:8      | Found a staircase to the Lair.
  8387 | Lair:1   | Entered Level 1 of the Lair of Beasts
  8391 | Lair:1   | Noticed inc's ghost (journeyman OpFi)
  8404 | Lair:1   | Killed inc's ghost
  8404 | Lair:1   | Reached XP level 11. HP: 95/95 MP: 10/10
  8519 | Lair:1   | Noticed a seven-headed hydra
  8528 | Lair:1   | Killed a ten-headed hydra
  8719 | Lair:1   | Found a sparkling altar of Nemelex Xobeh.
  9046 | Lair:1   | Got an encrusted war axe
  9047 | Lair:1   | Identified the +7 war axe "Fonk" {drain, +Inv Dex+2} (You found it on level 1 of the Lair of Beasts)
  9082 | Lair:1   | You fall through a shaft!
  9489 | Lair:2   | Received a gift from Trog
 10208 | Lair:3   | Noticed Nergalle
 10220 | Lair:3   | Killed Nergalle
 10729 | Lair:3   | Reached XP level 12. HP: 91/106 MP: 11/11
 11417 | Lair:4   | Found a dark tunnel.
 11422 | Volcano  | Entered a volcano
 11475 | Lair:4   | Reached skill level 10 in Fighting
 11495 | Lair:4   | Received a gift from Trog
 11682 | Lair:4   | Found a staircase to the Swamp.
 11814 | Lair:4   | Noticed a death yak
 11817 | Lair:4   | Noticed a death yak
 11818 | Lair:4   | Noticed a death yak
 11819 | Lair:4   | Noticed a death yak
 11821 | Lair:4   | Noticed a death yak
 11823 | Lair:4   | Killed a death yak
 11823 | Lair:4   | Reached skill level 10 in Armour
 11828 | Lair:4   | Killed a death yak
 11833 | Lair:4   | Killed a death yak
 11839 | Lair:4   | Killed a death yak
 11842 | Lair:4   | Killed a death yak
 12054 | Swamp:1  | Entered Level 1 of the Swamp
 12214 | Swamp:1  | Reached XP level 13. HP: 115/115 MP: 4/12
 12219 | Swamp:1  | Noticed Kirke
 12247 | Swamp:1  | Killed Kirke
 13275 | Swamp:2  | Reached skill level 10 in Dodging
 13289 | Swamp:2  | Received a gift from Trog
 13289 | Swamp:2  | HP: 5/174 [18-headed hydra (6)]
 13289 | Swamp:2  | Mangled by an 18-headed hydra

Skill      XL: |  1  2  3  4  5  6  7  8  9 10 11 12 13 |
---------------+----------------------------------------+-----
Shields        | 1 2 4 5 7 9 10 12 13 14 | 14.3
Axes           | 4 5 6 8 9 11 12 14 | 14.6
Fighting       | 4 5 6 7 8 9 10 11 | 11.2
Armour         | 3 4 5 6 8 9 10 | 10.7
Dodging        | 3 4 5 6 7 8 9 10 | 10.0

Action                   |  1- 3 |  4- 6 |  7- 9 | 10-12 | 13-15 || total
-------------------------+-------+-------+-------+-------+-------++-------
Melee: Hand axe          |   100 |   160 |   350 |    78 |       ||   688
       Headbutt          |    11 |    26 |    79 |   115 |    30 ||   261
       War axe           |       |       |       |   285 |       ||   285
       Broad axe         |       |       |       |   109 |   135 ||   244
Throw: Javelin           |     3 |       |    23 |       |     2 ||    28
Invok: Berserk           |       |     4 |     6 |     9 |     1 ||    20
       Burn Spellbooks   |       |     1 |       |     2 |       ||     3
Evoke: Wand              |       |       |       |     3 |       ||     3
  Use: Scroll            |     6 |     1 |     6 |    13 |       ||    26
  Eat: Chunk             |     2 |     5 |    14 |    12 |     5 ||    38
       Ration            |       |     1 |     2 |     3 |       ||     6
Armor: Animal skin       |     6 |       |       |       |       ||     6
       Plate armour      |    26 |    55 |   111 |   132 |    85 ||   409
Dodge: Dodged            |    11 |     8 |    79 |   170 |    54 ||   322
Block: Large shield      |    72 |   117 |   345 |   564 |   168 ||  1266
